 Dungeon Crawl Stone Soup version 0.27.1-1-g398f81649c (webtiles) character file.

Game seed: 12036706553432154957

4 acemry the Insei (level 1, -1/13 HPs)
             Began as an Octopode Transmuter on Sept 6, 2021.
             Slain by a frilled lizard (3 damage)
             ... on level 1 of the Dungeon.
             The game lasted 00:00:46 (75 turns).

acemry the Insei (Octopode Transmuter)                Turns: 75, Time: 00:00:47

Health: -1/13      AC:  1    Str:  9    XL:     1   Next: 70%
Magic:  1/3        EV: 13    Int: 15    God:
Gold:   0          SH:  0    Dex: 12    Spells: 3/4 levels left

rFire    . . .     SeeInvis .     - Unarmed
rCold    . . .     Faith    .   (no shield)
rNeg     . . .     Spirit   .   (helmet currently unavailable)
rPois    .         Reflect  .   (no amulet)
rElec    .         Harm     .   a - ring of willpower
rCorr    .         Rampage  .   (no ring)
Will     +....                  (no ring)
Stlth    ++........             (no ring)
HPRegen  0.04/turn              (no ring)
MPRegen  0.08/turn              (no ring)
                                (no ring)
                                (no ring)

@: appendages
A: tentacle spike 3, almost no armour, amphibious, 8 rings, camouflage 1,
gelatinous body 1, (nimble swimmer 1), tentacles
a: End Transformation


You were on level 1 of the Dungeon.
One of your tentacles had grown a beastly spike.
You visited 1 branch of the dungeon, and saw 1 of its levels.

Inventory:

Jewellery
 a - a ring of willpower (left tentacle)


   Skills:
 - Level 1.0 Fighting
 - Level 2.0 Dodging
 - Level 3.0 Unarmed Combat
 - Level 2.0 Spellcasting
 * Level 2.4 Transmutations


You had 3 spell levels left.
You knew the following spells:

 Your Spells              Type           Power      Damage    Failure   Level
a - Beastly Appendage     Tmut           16%        N/A       9%          1

Your spell library contained the following spells:

 Spells                   Type           Power      Damage    Failure   Level
 Wereblood                Tmut           8%         N/A       12%         2
 Spider Form              Tmut/Pois      2%         N/A       38%         3
 Ice Form                 Ice/Tmut       5%         N/A       80%         4


Dungeon Overview and Level Annotations

Branches:
Dungeon (1/15)

Altars:


Innate Abilities, Weirdness & Mutations

One of your tentacles has grown a beastly spike.
You cannot wear most types of armour.
You are amphibious.
You can wear up to eight rings at the same time.
Your skin changes colour to match your surroundings (Stealth+).
Your rubbery body absorbs attacks. (AC +1, EV +1)
((You are camouflaged near water. (Stealth+)))
You have tentacles for arms and can constrict up to eight enemies at once.


Message History

One of your tentacles grows a vicious spike.
The frilled lizard closely misses you.
Unknown command.
You tentacle-slap the frilled lizard but do no damage.
Your grab misses the frilled lizard.
A bat comes into view.
The frilled lizard misses you.
You miss the frilled lizard. You grab the frilled lizard.
You tentacle-slap the frilled lizard.
The frilled lizard is heavily wounded.
You constrict the frilled lizard, but do no damage.
The frilled lizard closely misses you.
You tentacle-slap the frilled lizard.
You kill the frilled lizard!
The bat hits you but does no damage. The bat misses you.
A frilled lizard comes into view.
The frilled lizard hisses angrily.
You tentacle-slap the bat. You grab the bat.
Your tentacle spike misses the bat.
The bat is moderately wounded.
You constrict the bat. The bat hits you.
* * * LOW HITPOINT WARNING * * *
The bat hits you but does no damage.
You closely miss the bat.
The bat is severely wounded.
You constrict the bat.
You kill the bat!
You miss the frilled lizard. You grab the frilled lizard.
You squeeze the frilled lizard.
You kill the frilled lizard!
Casting: Beastly Appendage (safe; 9% risk of failure)
Confirm with . or Enter, or press ? or * to list all spells.
You extend your transformation's duration.
You miss the frilled lizard. Your grab misses the frilled lizard.
The frilled lizard closely misses you.
A kobold comes into view. It is wielding a +0 short sword.
You miss the frilled lizard. Your grab misses the frilled lizard.
The frilled lizard bites you.
You die...

#. ..
#.###...###
###. .
##.####∩##
.... .###....
#.# #.. #..
.... #.#
K..#.##.#..
#.# #.#.#.#
#.##.#
#....##
##...#
#)...###†####
#...#@#.##
......###l##
#.####.# #.#
#.# #.# #.#
#.# #.# #.#
#.# #.# ...
#..


You could see a kobold and a frilled lizard.

Vanquished Creatures
  An endoplasm (D:1)
  A bat (D:1)
  2 frilled lizards (D:1)
  A kobold (D:1)
  A rat (D:1)
6 creatures vanquished.

Notes
Turn   | Place    | Note
-------+----------+-------------------------------------------
     0 | D:1      | acemry the Octopode Transmuter began the quest for the Orb.
     0 | D:1      | Reached XP level 1. HP: 13/13 MP: 3/3
    75 | D:1      | Slain by a frilled lizard

Illustrated notes

Levels and vault maps discovered:
D:1:      mainiacjoe_arrival_reflecting_pool, layout_loops_ring

Action                   || total
-------------------------++-------
Melee: Unarmed           ||    14
       Constrict         ||     4
       Kick              ||     1
       Punch             ||     1
       Tentacles         ||     1
 Cast: Beastly Appendage ||     4
Armor: Skin              ||     4
Dodge: Dodged            ||     9
